 Dungeon Crawl Stone Soup version 0.29.1-1-gd02db6906a (webtiles) character file.

Game seed: 6321893874783408891

1190 groovy9 the Skirmisher (level 8, -9/54 (56) HPs)
             Began as a Formicid Hunter on Sept 19, 2022.
             Mangled by an orc warrior
             ... wielding a +1 vorpal scimitar
              (11 damage)
             ... on level 8 of the Dungeon.
             The game lasted 00:15:58 (5649 turns).

groovy9 the Skirmisher (Formicid Hunter)            Turns: 5649, Time: 00:15:58

HP:   -9/54 (56)    AC:  9    Str: 15    XL:     8   Next: 71%
MP:   8/8           EV: 11    Int: 10    God:
Gold: 258           SH:  0    Dex: 19    Spells: 4/7 levels left

rFire   . . .      SeeInvis +   a - +1 shortbow
rCold   . . .      Faith    .   (no shield)
rNeg    . . .      Spirit   .   l - +3 ring mail
rPois   .          Reflect  .   (helmet unavailable)
rElec   .          Harm     .   (no cloak)
rCorr   .          Rampage  .   (no gloves)
Will    .....                   f - +0 pair of boots
Stlth   +.........              (no amulet)
HPRegen 0.18/turn               (no ring)
MPRegen 0.11/turn               (no ring)

@: lightly drained
A: permanent stasis, dig shafts and tunnels, antennae 3, four strong arms
a: Dig, Shaft Self


You were on level 8 of the Dungeon.
You visited 1 branch of the dungeon, and saw 8 of its levels.

You collected 258 gold pieces.

Inventory:

Hand Weapons
 a - a +1 shortbow (weapon)
 b - a +0 dagger
Missiles
 n - 2 throwing nets
Armour
 f - a +0 pair of boots (worn)
 l - a +3 ring mail (worn)
Wands
 c - a wand of mindburst (10)
 g - a wand of charming (5)
Scrolls
 d - 3 scrolls of immolation
 e - 2 scrolls of torment
 i - a scroll of enchant weapon
Potions
 h - 3 potions of attraction
 j - 2 potions of brilliance
 k - a potion of lignification {unknown}
 m - a potion of flight {unknown}


   Skills:
 - Level 2.1 Fighting
 * Level 9.4 Ranged Weapons
 - Level 1.7 Dodging
 - Level 1.2 Stealth
 + Level 4.7 Ice Magic


You had 4 spell levels left.
You knew the following spells:

 Your Spells              Type           Power      Damage    Failure   Level
a - Ozocubu's Armour      Ice            9%         N/A       32%         3

Your spell library contained the following spells:

 Spells                   Type           Power      Damage    Failure   Level
 Ensorcelled Hibernation  Hex/Ice        8%         N/A       41%         2
 Passwall                 Tmut/Erth      0%         N/A       75%         2
 Conjure Flame            Conj/Fire      0%         6-21      92%         3
 Ignite Poison            Fire/Tmut/Pois 0%         N/A       92%         3
 Sticky Flame             Conj/Fire      0%         2d3       100%        4
 Malign Gateway           Summ/Tloc      0%         N/A       100%        7
 Ozocubu's Refrigeration  Ice            4%         4d8       100%        7
 Summon Horrible Things   Summ           0%         N/A       100%        8
 Swiftness                Air            Unusable   N/A       N/A         3

Dungeon Overview and Level Annotations

Branches:
Dungeon (8/15)
 Temple: D:4-7         Lair: D:8-11

Altars:
Dithmenos
Fedhas

Shops:
D:5 [((

Annotations:
D:5 Grinder


Innate Abilities, Weirdness & Mutations

You cannot be hasted, slowed, berserked, paralysed or teleported.
You can dig through walls and to a lower floor.
You have a pair of large antennae on your head. (SInv)
Your four strong arms can wield two-handed weapons with a shield.


Message History

The orc warrior is moderately wounded.
You hear a shout!
The orc warrior hits you with a +1 vorpal scimitar!
Fire: a) +1 shortbow
Press: ? - help, Q - select action, (/) - cycle Shift-Dir - straight line, f/p - orc warrior
Aim: an orc warrior, wielding a +1 vorpal scimitar and wearing a +0 plate armour (moderately wounded, 67% to hit)
You shoot an arrow.
The arrow hits the orc warrior but does no damage.
The orc warrior is moderately wounded.
The orc warrior hits you with a +1 vorpal scimitar!
* * * LOW HITPOINT WARNING * * *
x2 Fire: a) +1 shortbow
Press: ? - help, Q - select action, (/) - cycle Shift-Dir - straight line, f/p - orc warrior
Aim: an orc warrior, wielding a +1 vorpal scimitar and wearing a +0 plate armour (moderately wounded, 67% to hit)
You shoot an arrow. The arrow hits the orc warrior!
The orc warrior is severely wounded.
The orc warrior barely misses you.
Fire: a) +1 shortbow
Press: ? - help, Q - select action, (/) - cycle Shift-Dir - straight line, f/p - orc warrior
Aim: an orc warrior, wielding a +1 vorpal scimitar and wearing a +0 plate armour (severely wounded, 67% to hit)
You shoot an arrow.
The arrow closely misses the orc warrior.
The orc warrior hits you with a +1 vorpal scimitar.
* * * LOW HITPOINT WARNING * * *
x2 Fire: a) +1 shortbow
Press: ? - help, Q - select action, (/) - cycle Shift-Dir - straight line, f/p - orc warrior
Aim: an orc warrior, wielding a +1 vorpal scimitar and wearing a +0 plate armour (severely wounded, 67% to hit)
You shoot an arrow.
The arrow hits the orc warrior but does no damage.
The orc warrior is severely wounded.
The orc warrior hits you with a +1 vorpal scimitar.
* * * LOW HITPOINT WARNING * * *
x2 Fire: a) +1 shortbow
Press: ? - help, Q - select action, (/) - cycle Shift-Dir - straight line, f/p - orc warrior
Aim: an orc warrior, wielding a +1 vorpal scimitar and wearing a +0 plate armour (severely wounded, 67% to hit)
You shoot an arrow.
The arrow hits the orc warrior but does no damage.
The orc warrior is severely wounded.
The orc warrior hits you with a +1 vorpal scimitar!
You die...

#......###...
. ###..o...#
#####
#........# ..$
#........##.##
+........{....
{{#..........#
{######....##
### #....# {
#@###....#
##oo.....#
#oo.....#
#.......#
#######.# .#
.#


You could see an orc warrior and 3 orcs.

Vanquished Creatures
  A sky beast (D:6)
  A centaur (D:5)
  A phantom (D:5)
  3 scorpions
  4 wights (D:6)
  An orc priest (D:3)
  2 hounds
  2 iguanas
  5 orc wizards
  9 gnolls
  8 adders
  2 dart slugs
  25 orcs
  9 endoplasms
  2 giant cockroaches
  A goblin (D:1)
  6 hobgoblins
  4 jackals (D:1)
  7 kobolds
  4 quokkas
  14 ball pythons
  7 bats
  6 frilled lizards
  3 rats (D:1)
127 creatures vanquished.

Vanquished Creatures (others)
  A plant (D:1)
1 creature vanquished.

Grand Total: 128 creatures vanquished

Notes
Turn   | Place    | Note
-------+----------+-------------------------------------------
     0 | D:1      | groovy9 the Formicid Hunter began the quest for the Orb.
     0 | D:1      | Reached XP level 1. HP: 16/16 MP: 1/1
    65 | D:1      | Reached XP level 2. HP: 15/22 MP: 2/2
   645 | D:1      | Reached XP level 3. HP: 27/27 MP: 3/3
   908 | D:1      | Reached skill level 5 in Ranged Weapons
  1664 | D:2      | Reached XP level 4. HP: 33/33 MP: 4/4
  1717 | D:2      | Found a blossoming altar of Fedhas.
  2056 | D:3      | Reached skill level 6 in Ranged Weapons
  2056 | D:3      | Reached XP level 5. HP: 38/38 MP: 5/5
  2204 | D:3      | Learned a level 3 spell: Ozocubu's Armour
  2451 | D:3      | Found a shadowy altar of Dithmenos.
  2684 | D:4      | Reached skill level 1 in Ice Magic
  2717 | D:3      | Reached XP level 6. HP: 30/44 MP: 6/6
  3420 | D:4      | Reached skill level 7 in Ranged Weapons
  3777 | D:4      | Reached XP level 7. HP: 45/50 MP: 7/7
  3956 | D:5      | Entered Level 5 of the Dungeon
  4050 | D:5      | Found Qiohek's Antique Weapon Shop.
  4105 | D:5      | Found Pihaf's Weapon Shop.
  4232 | D:5      | Reached skill level 8 in Ranged Weapons
  4318 | D:5      | Reached XP level 8. HP: 28/56 MP: 8/8
  4495 | D:5      | Noticed Grinder
  4597 | D:5      | Identified the +5 falchion "Janlan" {drain, *Slow rC++
                  | Str+5}
  4734 | D:5      | Found Gel Pao's Armour Shop.
  4792 | D:6      | Reached skill level 9 in Ranged Weapons
  5097 | D:5      | You fall into a shaft and drop 3 floors!
  5566 | D:7      | You fall into a shaft and drop 1 floor!
  5648 | D:8      | HP: 1/54 [orc warrior/+1 vorpal scimitar (2)]
  5649 | D:8      | Mangled by an orc warrior

Illustrated notes

Levels and vault maps discovered:
D:1:      dpeg_arrival_stone_temple_mockup, layout_basic, serial_bayou_pond_b,
          chequers_serial_rivers_micro_b, ebering_dispersal_statue_hall,
          amethyst_killhole, minmay_misc_feat_diagonals,
          nicolae_concentric_dashed_squares_mild,
          chequers_serial_rivers_micro_a, minmay_tromino_v4_b
D:2:      layout_rooms, basic_altar, minmay_parallelograms
D:3:      layout_loops_ring, nicolae_overflow_hidden_temple
D:4:      layout_rooms
D:5:      layout_loops_ring, minmay_temple_entry_drinking_statues, serial_shops,
          shop_fountains, nicolae_shop_stone, nicolae_square_shop, uniq_grinder
D:6:      layout_loops_ring
D:7:      corexii_shantytown, layout_loops_ring
D:8:      layout_basic, nzn_ghost_randoct, hangedman_decor_push

Skill      XL: |  1  2  3  4  5  6  7  8 |
---------------+-------------------------+-----
Ranged Weapons | 5 6 7 8 9 |  9.4
Ice Magic      | 1 2 3 4 |  4.7
Fighting       | |  2.1
Dodging        | |  1.7
Stealth        | |  1.2

Action                   |  1- 3 |  4- 6 |  7- 9 || total
-------------------------+-------+-------+-------++-------
 Fire: Shortbow          |   100 |   179 |   186 ||   465
 Abil: Dig               |     2 |     4 |     2 ||     8
       Shaft Self        |       |       |     2 ||     2
Evoke: Wand              |       |       |     3 ||     3
  Use: Scroll            |     6 |     3 |     3 ||    12
       Potion            |       |     1 |     1 ||     2
Armor: Leather armour    |    12 |    21 |     5 ||    38
       Ring mail         |       |       |    26 ||    26
Dodge: Dodged            |    17 |    49 |    62 ||   128
